 Dungeon Crawl Stone Soup version 0.28-a0-657-g71136c5590 (webtiles) character file.

Game seed: 13852620665623223680

138 KristoblXynda the Sneak (level 5, -9/39 HPs)
             Began as a Vampire Brigand on Oct 13, 2021.
             Killed by divine providence
             ... invoked by an orc priest
              (14 damage)
             ... on level 4 of the Dungeon.
             The game lasted 00:03:06 (2060 turns).

KristoblXynda the Sneak (Vampire Brigand)           Turns: 2060, Time: 00:03:07

Health: -9/39      AC:  3    Str: 11    XL:     5   Next: 1%
Magic:  5/5        EV: 12    Int: 14    God:
Gold:   118        SH:  0    Dex: 15    Spells: 4/4 levels left

rFire   . . .      SeeInvis +   j - +2 dagger (drain)
rCold   . . .      Faith    .   (no shield)
rNeg    . . .      Spirit   .   b - +0 robe
rPois   .          Reflect  .   (no helmet)
rElec   .          Harm     .   c - +0 cloak
rCorr   .          Rampage  .   (no gloves)
Will    .....                   (no boots)
Stlth   +++.......              (no amulet)
HPRegen 0.33/turn               (no ring)
MPRegen 0.09/turn               (no ring)

@: healing quickly
A: alive, fangs 3, see invisible, vampiric 2
a: Exsanguinate


You were on level 4 of the Dungeon.
You visited 1 branch of the dungeon, and saw 4 of its levels.

You collected 118 gold pieces.

Inventory:

Hand Weapons
 a - a +2 dagger
 j - a +2 dagger of draining (weapon)
Missiles
 d - 4 poisoned darts (quivered)
 e - 2 curare-tipped darts
 o - a throwing net
Armour
 b - a +0 robe (worn)
 c - a +0 cloak (worn)
Scrolls
 f - a scroll of magic mapping {unknown}
 h - a scroll of brand weapon {unknown}
 l - a scroll of amnesia {unknown}
 m - a scroll of fear {unknown}
Potions
 g - a potion of degeneration {unknown}
 k - a potion of curing
 n - a potion of might


   Skills:
 + Level 2.7 Fighting
 + Level 3.2 Short Blades
 - Level 2.0 Throwing
 + Level 2.5 Dodging
 + Level 6.9 Stealth


You had 4 spell levels left.
You didn't know any spells.
Your spell library contained the following spells:

 Spells                   Type           Power      Damage    Failure   Level
 Animate Skeleton         Necr           0%         N/A       28%         1
 Pain                     Necr           0%         1d4       28%         1
 Vampiric Draining        Necr           0%         2d6       65%         3


Dungeon Overview and Level Annotations

Branches:
Dungeon (4/15)
 Temple: D:4-7

Altars:
Yredelemnul

Shops:
D:2 [


Innate Abilities, Weirdness & Mutations

Your natural rate of healing is accelerated.
You have razor-sharp teeth.
You have supernaturally acute eyesight. (SInv)
You are afflicted with vampirism and can become a bat while bloodless.


Message History

The orc priest hits you with a +0 dagger.
The orc hits you with a +0 flail!
You closely miss the orc priest.
The orc priest is heavily wounded.
The orc priest invokes the aid of Beogh against you.
Beogh smites you!
* * * LOW HITPOINT WARNING * * *
You closely miss the orc priest.
The orc priest is heavily wounded.
The orc misses you.
Throw: 6 darts (poison)
Press: ? - help, Q - select action, (/) - cycle Shift-Dir - straight line, f/p - orc priest
Aim: an orc priest, wielding a +0 dagger and wearing a +0 leather armour (heavily wounded, heavily drained, 60% to hit)
You throw a poisoned dart.
The poisoned dart barely misses the orc priest.
The orc priest hits you but does no damage.
The orc closely misses you.
Throw: 5 darts (poison)
Press: ? - help, Q - select action, (/) - cycle Shift-Dir - straight line, f/p - orc priest
Aim: an orc priest, wielding a +0 dagger and wearing a +0 leather armour (heavily wounded, heavily drained, 60% to hit)
You throw a poisoned dart. The poisoned dart hits the orc priest.
The orc priest is poisoned.
The orc priest is heavily wounded.
The orc priest hits you but does no damage.
The orc hits you with a +0 flail.
* * * LOW HITPOINT WARNING * * *
You closely miss the orc priest.
The orc priest is heavily wounded.
The orc priest casts a cantrip, but nothing happens.
The orc hits you with a +0 flail.
* * * LOW HITPOINT WARNING * * *
The orc priest mumbles some strange prayers to Beogh against you.
Pain shoots through your body!
* * * LOW HITPOINT WARNING * * *
Unknown command.
The orc priest looks more healthy.
The orc priest looks braver for a moment.
The orc priest mumbles some strange prayers to Beogh against you.
Beogh smites you!
You die...

########## #........#
#........# #........#
######........########
...........o..o@.....#
##(.(.....######.#
.......######## #.#
.#..... #.# #..... #.#
+..... ##########.#
#(.... #..........#
#.###. +....<.....# #.
## #..........#


You could see an orc priest (drained) and an orc.

Vanquished Creatures
  Terence (D:3)
  4 adders
  A worm (D:2)
  A dart slug (D:1)
  6 orcs
  14 ball pythons
  5 bats
  3 endoplasms
  7 goblins
  A hobgoblin (D:3)
  3 jackals (D:3)
  2 quokkas (D:2)
  2 frilled lizards (D:2)
  6 kobolds
  8 rats
  A spectral orc (D:3)
65 creatures vanquished.

Notes
Turn   | Place    | Note
-------+----------+-------------------------------------------
     0 | D:1      | KristoblXynda the Vampire Brigand began the quest for the
                  | Orb.
     0 | D:1      | Reached XP level 1. HP: 16/16 MP: 1/1
   143 | D:1      | Reached skill level 6 in Stealth
   240 | D:1      | Reached XP level 2. HP: 19/22 MP: 2/2
   623 | D:2      | Found a faded altar of an unknown god.
   636 | D:2      | Gained mutation: You are afflicted with vampirism and can
                  | become a bat while bloodless. [Vampire growth]
   636 | D:2      | Reached XP level 3. HP: 19/27 MP: 3/3
  1167 | D:2      | Found Qyschoche's Antique Armour Shop.
  1270 | D:3      | Noticed Terence
  1285 | D:3      | Reached XP level 4. HP: 31/31 MP: 4/4
  1328 | D:3      | Killed Terence
  1654 | D:3      | Found a basalt altar of Yredelemnul.
  2043 | D:4      | Reached XP level 5. HP: 23/39 MP: 5/5
  2060 | D:4      | Killed from afar by an orc priest

Illustrated notes

Levels and vault maps discovered:
D:1:      ncdulo_halloftheorcs, layout_loops_ring
D:2:      layout_rooms, serial_shops, shop, basic_ecumenical_altar
D:3:      layout_basic, yredelemnul_forgotten_temple_becter, uniq_terence
D:4:      layout_basic

Skill      XL: |  1  2  3  4 |
---------------+-------------+-----
Stealth        | 6 |  6.9
Fighting       | 2 |  2.7
Dodging        | 2 |  2.5
Throwing       | 2 |  2.0
Short Blades   | 3 |  3.2

Action                   |  1- 3 |  4- 6 || total
-------------------------+-------+-------++-------
Melee: Dagger            |   110 |    66 ||   176
       Bite              |     6 |     5 ||    11
Throw: Dart              |     5 |     3 ||     8
  Use: Scroll            |       |     3 ||     3
       Potion            |       |     2 ||     2
 Stab: Sleeping          |    12 |     2 ||    14
Armor: Robe              |    21 |    13 ||    34
Dodge: Dodged            |    63 |    55 ||   118

Table legend: (Time is in decaauts)
 A = Elapsed time spent in this place.
 B = Non-inter-level travel time spent in this place.
 C = Inter-level travel time spent in this place.
 D = Time resting spent in this place.
 E = Time spent auto-exploring this place.
 F = Levels seen in this place.
 G = Mean time per level.
                   A        B        C        D        E       F      G
               +--------+--------+--------+--------+--------+-----+--------+
         Total |   2033 |   1986 |     47 |    187 |   1323 |   4 |  508.2 |
       Dungeon |   2033 |   1986 |     47 |    187 |   1323 |   4 |  508.2 |
               +--------+--------+--------+--------+--------+-----+--------+

Top non-repeatable levels by time:
     D:3: 732 daAuts
     D:2: 649 daAuts
     D:1: 605 daAuts
     D:4: 45 daAuts
